 Dungeon Sprint DCSS version 0.24.0-125-gc4c63601f3 (webtiles) character file.

Game seed: 7170414416254456264, levelgen mode: deterministic

11993 Ponchio the Eclecticist (level 11, -5/78 HPs)
             Began as a Deep Elf Earth Elementalist on Feb 21, 2020.
             Was a Priest of Vehumet.
             Slain by a storm dragon (12 damage)
             ... in the Dungeon (Sprint II: "The Violet Keep of Menkaure").
             The game lasted 00:25:40 (2177 turns).

Ponchio the Eclecticist (DEEE)                      Turns: 2177, Time: 00:25:43

Health: -5/78      AC:  2    Str:  5    XL:     11   Next: 56%
Magic:  19/52      EV: 21    Int: 27    God:    Vehumet [***...]
Gold:   510        SH:  0    Dex: 15    Spells: 30/45 levels left

rFire    . . .     SeeInvis +   (no weapon)
rCold    . . .     Gourm    .   (no shield)
rNeg     + . .     Faith    .   c - +0 robe
rPois    .         Spirit   .   (no helmet)
rElec    .         Reflect  .   (no cloak)
rCorr    .         Harm     .   (no gloves)
MR       +....     NoTele   +   (no boots)
Stlth    ++........             (no amulet)
HPRegen  0.23/turn              a - ring "Oguorimi" {rN+ MP+9 Int+3 SInv}
MPRegen  0.33/turn              e - ring of magical power

@: very slightly contaminated
A: no striking features
a: Renounce Religion


You were in the Dungeon.
You worshipped Vehumet.
Vehumet was most pleased with you.
You were very hungry.

You visited 1 branch You collected 1382 gold pieces.
You spent 872 gold pieces at shops.

Inventory:

Missiles
 b - 18 stones (quivered)
Armour
 c - a +0 robe (worn)
Jewellery
 a - the ring "Oguorimi" (left hand) {rN+ MP+9 Int+3 SInv}
   (You bought it in a shop in the Dungeon)

   [ring of magical power]

   It affects your intelligence (+3).
   It protects you from negative energy.
   It affects your magic capacity (+9).
   It lets you see invisible.
 e - a ring of magical power (right hand)
Potions
 d - 3 potions of flight {unknown}
 f - a potion of haste
 h - a potion of magic
 i - a potion of berserk rage
Comestibles
 g - 2 rations


   Skills:
 - Level 13.0 Fighting
 - Level 13.3 Dodging
 - Level 2.4 Stealth
 + Level 17.7 Spellcasting
 - Level 1.1 Transmutations
 + Level 17.5 Earth Magic


You had 30 spell levels left.
You knew the following spells:

 Your Spells              Type           Power        Failure   Level  Hunger
a - Sandblast             Erth           ######       0%          1    None
b - Passwall              Tmut/Erth      ######..     1%          2    None
c - Stone Arrow           Conj/Erth      ######       1%          3    None
d - Petrify               Tmut/Erth      ######..     1%          4    None
e - Lee's Rapid Deconstr  Erth           #######...   1%          5    None

Your spell library contained the following spells:

 Spells                   Type           Power        Failure   Level  Hunger
 Throw Icicle             Conj/Ice       ###.....     5%          4    None


Dungeon Overview and Level Annotations

Branches:
Dungeon (1/1)

Altars:
Cheibriados
Dithmenos
Elyvilon
Fedhas
Gozag
Hepliaklqana
Kikubaaqudgha
Makhleb
Nemelex Xobeh
Okawaru
Qazlal
Ru
Sif Muna
Trog
Uskayaw
Vehumet
Wu Jian
Xom
Yredelemnul
Zin
The Shining One
Beogh
Jiyva
Lugonu

Shops:
D :*?%[![==(:}[}!=

Annotations:
D exclusion: oklob plant


Message History

The wall shatters!
The blast of rock fragments hits the storm dragon!
The storm dragon is severely wounded.
The storm dragon looks more healthy.
The storm dragon bites you!
* * * LOW HITPOINT WARNING * * *
The storm dragon claws you.
* * * LOW HITPOINT WARNING * * *
The storm dragon barely misses you.
Casting: Lee's Rapid Deconstruction (safe; 1% risk of failure)
Confirm with . or Enter, or press ? or * to list all spells.
Aiming: Lee's Rapid Deconstruction (safe; 1% risk of failure)
Press: ? - help, Dir - move target cursor A rock wall.
The wall shatters!
The blast of rock fragments hits the storm dragon!
The storm dragon is severely wounded.
The storm dragon bites you.
* * * LOW HITPOINT WARNING * * *
The storm dragon barely misses you. x2; The storm dragon bites you!
You die...

##########≈≈#'○○#''+#####....#.##
#########≈≈)..(......#.)†...(#..#
....∩.∩.#≈≈≈≈.##'##..#..####.#..#
...∩.∩..#≈≈≈≈##...##.####..'^##.#
..∩.∩...#≈≈≈≈#..#..#....#..#...##
.⌠.∩....#≈≈####.#.####..#####..##
..∩.∩...#≈##.###'###.##..#..'.^#.
...∩.∩..#≈#...##D##.#.#..#..#^.#.
....∩.∩.'≈+.##'.@.'###'..####..##
.....∩.∩#≈###.##.##.#.#....###^..
▓▓▓▓▓▓###≈##.###'###.##...§..≈≈≈≈
$Dh######≈≈####...####≈≈§....≈#'#
??h#Y ##≈≈≈#.##..#≈≈≈≈≈≈≈..≈#)_
∩P$+YY #'#≈##.####≈≈≈≈≈≈≈≈.≈#..
?(! #.#≈≈##+##≈≈≈≈≈§≈≈≈≈§#._ !$.
####≈≈≈≈≈≈≈≈≈≈≈§§≈§≈§#_. #+
#+++#+++#≈≈§§§≈§≈≈#._


You could see a storm dragon.

Vanquished Creatures
  A deep elf master archer (D)
  Kirke (D)
  A crystal guardian (D)
  A yaktaur captain (D)
  A death yak (D)
  A slime creature (D)
  A skeletal warrior (D)
  2 death drakes (D)
  An obsidian statue (D)
  2 spiny frogs (D)
  A yaktaur (D)
  A kobold demonologist (D)
  3 polar bears (D)
  A hornet (D)
  4 hippogriffs (D)
  A vampire mosquito (D)
  4 neqoxecs (D)
  Menkaure (D)
  2 swamp drakes (D)
  4 necrophages (D)
  3 worms (D)
37 creatures vanquished.

Vanquished Creatures (others)
  A centaur warrior (D)
  An elephant (D)
  A hippogriff (D)
  A crocodile (D)
4 creatures vanquished.

Grand Total: 41 creatures vanquished

Notes
Turn   | Place    | Note
-------+----------+-------------------------------------------
     0 | D        | Ponchio the Deep Elf Earth Elementalist began the quest for
                  | the Orb.
     0 | D        | Reached XP level 1. HP: 10/10 MP: 6/6
     1 | D        | Noticed a hippogriff
     1 | D        | Noticed a hippogriff
     5 | D        | Noticed a necrophage
     5 | D        | Noticed a necrophage
     5 | D        | Noticed a necrophage
     5 | D        | Noticed a necrophage
    17 | D        | Killed a necrophage
    17 | D        | Reached XP level 2. HP: 14/15 MP: 6/12
    17 | D        | Reached XP level 3. HP: 17/19 MP: 6/13
    17 | D        | Reached XP level 4. HP: 22/24 MP: 6/15
    20 | D        | Killed a necrophage
    20 | D        | Reached skill level 10 in Earth Magic
    20 | D        | Reached XP level 5. HP: 24/28 MP: 3/18
    21 | D        | Killed a necrophage
   135 | D        | Killed a necrophage
   135 | D        | Reached skill level 10 in Spellcasting
   135 | D        | Reached XP level 6. HP: 36/36 MP: 18/21
   155 | D        | Learned a level 2 spell: Passwall
   159 | D        | Learned a level 3 spell: Stone Arrow
   164 | D        | Learned a level 4 spell: Petrify
   170 | D        | Learned a level 5 spell: Lee's Rapid Deconstruction
   175 | D        | Killed a hippogriff
   175 | D        | Reached skill level 5 in Dodging
   175 | D        | Reached XP level 7. HP: 44/44 MP: 11/23
   176 | D        | Killed a hippogriff
   359 | D        | Noticed a neqoxec
   359 | D        | Noticed a neqoxec
   359 | D        | Noticed a neqoxec
   359 | D        | Noticed a neqoxec
   362 | D        | Killed a neqoxec
   362 | D        | Killed a neqoxec
   365 | D        | Killed a neqoxec
   365 | D        | Reached XP level 8. HP: 54/54 MP: 4/25
   518 | D        | Found Fouz's Jewellery Shop.
   518 | D        | Found Ofewnod's Antique Armour Boutique.
   518 | D        | Found Weohegg's Gadget Shop.
   518 | D        | Found Fahieju's Jewellery Boutique.
   518 | D        | Found Qafa's Jewellery Shop.
   518 | D        | Found Tamaabb's Book Shop.
   518 | D        | Found Qisuhexy's Antique Armour Boutique.
   519 | D        | Found Muikulaf's Distillery.
   519 | D        | Found Igosiol's Armour Shop.
   519 | D        | Found Kaezxuf's Food Boutique.
   519 | D        | Found Ygis's Gadget Shop.
   520 | D        | Found Zoixaimp's Distillery.
   520 | D        | Found Lacawy's Antique Weapon Shop.
   520 | D        | Found Moure's Magic Scroll Shop.
   520 | D        | Found Naz Faim's Assorted Antiques.
   585 | D        | Noticed Menkaure
   585 | D        | Noticed a polar bear
   585 | D        | Noticed a polar bear
   585 | D        | Noticed an oklob plant
   609 | D        | Killed Menkaure
   711 | D        | Noticed an ice dragon
   713 | D        | Found Carukk's Book Shoppe.
   740 | D        | Bought the ring "Oguorimi" {rN+ MP+9 Int+3 SInv} for 542
                  | gold pieces
   742 | D        | Bought an uncursed ring of magical power for 220 gold
                  | pieces
   829 | D        | Noticed an obsidian statue
   832 | D        | Noticed Kirke
   832 | D        | Noticed a yaktaur captain
   832 | D        | Noticed a kobold demonologist
   833 | D        | Noticed a skeletal warrior
   835 | D        | Killed a kobold demonologist
   835 | D        | Reached skill level 10 in Fighting
   835 | D        | Reached skill level 10 in Dodging
   836 | D        | Killed a yaktaur captain
   836 | D        | Reached XP level 9. HP: 64/64 MP: 23/26
   836 | D        | Noticed an elephant
   837 | D        | Killed Kirke
   837 | D        | Reached XP level 10. HP: 73/73 MP: 19/27
   838 | D        | Noticed a centaur warrior
   840 | D        | Killed a skeletal warrior
   860 | D        | Killed a centaur warrior
   863 | D        | Killed an elephant
  1091 | D        | Noticed a rust devil
  1094 | D        | Killed an obsidian statue
  1216 | D        | Found a glowing silver altar of Zin.
  1223 | D        | Found a glowing golden altar of the Shining One.
  1223 | D        | Found a basalt altar of Yredelemnul.
  1223 | D        | Found a hide-covered altar of Uskayaw.
  1224 | D        | Found a shimmering altar of Xom.
  1224 | D        | Found a bloodstained altar of Trog.
  1225 | D        | Found an ornate altar of the Wu Jian Council.
  1225 | D        | Found a shimmering blue altar of Sif Muna.
  1225 | D        | Found a corrupted altar of Lugonu.
  1225 | D        | Found a radiant altar of Vehumet.
  1225 | D        | Found a burning altar of Makhleb.
  1226 | D        | Found a sacrificial altar of Ru.
  1226 | D        | Found an ancient bone altar of Kikubaaqudgha.
  1226 | D        | Found a white marble altar of Elyvilon.
  1227 | D        | Found a stormy altar of Qazlal.
  1227 | D        | Found a viscous altar of Jiyva.
  1227 | D        | Found a shadowy altar of Dithmenos.
  1228 | D        | Found a hazy altar of Hepliaklqana.
  1228 | D        | Found a snail-covered altar of Cheibriados.
  1230 | D        | Found a roughly hewn altar of Beogh.
  1230 | D        | Found a sparkling altar of Nemelex Xobeh.
  1230 | D        | Found a blossoming altar of Fedhas.
  1231 | D        | Found an iron altar of Okawaru.
  1231 | D        | Found an opulent altar of Gozag.
  1243 | D        | Became a worshipper of Vehumet
  1379 | D        | Noticed a death drake
  1385 | D        | Killed a death drake
  1388 | D        | Reached * piety under Vehumet
  1388 | D        | Offered knowledge of Magic Dart by Vehumet.
  1389 | D        | Reached skill level 15 in Spellcasting
  1545 | D        | Noticed a death drake
  1553 | D        | Killed a death drake
  1553 | D        | Offered knowledge of Throw Flame by Vehumet.
  1553 | D        | Reached ** piety under Vehumet
  1553 | D        | Reached skill level 15 in Earth Magic
  1553 | D        | Reached XP level 11. HP: 78/78 MP: 30/32
  1626 | D        | Noticed a crystal guardian
  1632 | D        | Killed a crystal guardian
  1753 | D        | Offered knowledge of Dazzling Spray by Vehumet.
  1753 | D        | Reached *** piety under Vehumet
  1850 | D        | Noticed a deep elf master archer
  1854 | D        | Killed a deep elf master archer
  1918 | D        | Noticed a death yak
  1924 | D        | Killed a death yak
  1924 | D        | Offered knowledge of Throw Icicle by Vehumet.
  2131 | D        | Bought a ration for 55 gold pieces
  2131 | D        | Bought a ration for 55 gold pieces
  2158 | D        | Noticed a storm dragon
  2159 | D        | Noticed a cacodemon
  2177 | D        | Slain by a storm dragon

Levels and vault maps discovered:
D:        the_violet_keep_of_menkaure [sprint2_stairs_cluster_1,
          sprint2_shoproom, sprint2_temple, sprint2_basic_supplies,
          sprint2_obstacle_1, sprint2_obstacle_5, sprint2_obstacle_3,
          sprint2_obstacle_4, sprint2_obstacle_6, sprint2_timed_cluster_1,
          sprint2_smallroom_cluster_1, sprint2_smallroom_final_cluster_1,
          sprint2_transparent_cluster_1, sprint2_second_timed_cluster_1,
          sprint2_sniper_area_1, sprint2_heavy_combat_area_1,
          sprint2_mutation_trap_area_1, sprint2_forest_area_1,
          sprint2_light_combat_area_1, sprint2_behind_water_1,
          sprint2_near_end_vault_1]

Skill      XL: |  1  2  3  4  5  6  7  8  9 10 11 |
---------------+----------------------------------+-----
Spellcasting   | 7 8 10 11 15 17 | 17.7
Earth Magic    | 8 10 11 15 17 | 17.5
Fighting       | 2 4 8 11 13 | 13.0
Dodging        | 3 5 8 11 13 | 13.3
Stealth        | |  2.4
Transmutations | |  1.1

Action                   |  1- 3 |  4- 6 |  7- 9 | 10-12 || total
-------------------------+-------+-------+-------+-------++-------
 Cast: Sandblast         |     5 |     7 |       |       ||    12
       Lee's Rapid Decon |       |     1 |    17 |    59 ||    77
       Petrify           |       |       |       |     1 ||     1
  Use: Potion            |     4 |       |       |       ||     4
       Scroll            |       |       |     1 |     1 ||     2
  Eat: Chunk             |       |       |       |     2 ||     2
       Ration            |       |       |       |     1 ||     1
Armor: Robe              |     1 |       |       |     1 ||     2
Dodge: Dodged            |     3 |     1 |     1 |    16 ||    21
